AoeStats
← MattAtArms

Golden Pit

507311685Analyzed
1v1 RM · 15d ago on Sep 17, 2026· 25m 53s· 2 players
Game mode
Random Map
Map size
Tiny (2 player)
Population
200
Speed
Normal
Resources
Standard
Victory
Conquest
Starting age
Dark Age
Ending age
Imperial Age
RankedLock teamsTeams togetherTeam positionsShared explorationLock speedFull tech treeHidden civsTurbo modeCheats
Victory
Defeat
🇲🇽 Franks · Mexico
2164
+7
🇬🇧 Aztecs · United Kingdom
1951
-7
nW | Caguamas
6:07 Loom
8:17 Feudal Age
9:08 Double-Bit Axe
14:36 Fletching
22:12 Castle Age
22:03 Padded Archer Armor
21:54 Gold Mining
22:17 Crossbowman
22:20 Light Cavalry
25:30 Bodkin Arrow
MattAtArms
6:11 Loom
9:22 Feudal Age
9:28 Man-at-Arms
9:58 Double-Bit Axe
16:40 Fletching
19:49 Padded Archer Armor
23:39 Castle Age
22:09 Gold Mining
23:43 Crossbowman
24:19 Bodkin Arrow
24:36 Bow Saw
24:48 Horse Collar
Connection lost

Rejoining the realm…

Still unreachable

The connection could not be restored.

Session expired

The server has moved on; the page needs a fresh start.